 Dungeon Crawl Stone Soup version 0.29-a0-451-gfbfa42419e (webtiles) character file.

Game seed: 2687133082301166544

1799 xian the Conjurer (level 8, -2/61 HPs)
             Began as a Grey Draconian Conjurer on May 19, 2022.
             Was an Initiate of Sif Muna.
             Slain by Maggie
             ... wielding a +0 morningstar of flaming
              (7 damage)
             ... on level 6 of the Dungeon.
             The game lasted 00:28:04 (6659 turns).

xian the Conjurer (Grey Draconian Conjurer)         Turns: 6659, Time: 00:28:06

Health: -2/61      AC: 11    Str: 10    XL:     8   Next: 83%
Magic:  14/26      EV: 12    Int: 21    God:    Sif Muna [......]
Gold:   279        SH:  0    Dex:  9    Spells: 6/19 levels left

rFire   . . .      SeeInvis .   j - +7 Throatcutter {drain, coup de grace}
rCold   . . .      Faith    .   (no shield)
rNeg    . . .      Spirit   .   (body armour unavailable)
rPois   .          Reflect  .   (helmet restricted)
rElec   .          Harm     .   (no cloak)
rCorr   +          Rampage  .   (no gloves)
Will    .....                   (no boots)
Stlth   ++........              q - amulet of magic regeneration
HPRegen 0.20/turn               f - ring of resist corrosion
MPRegen 0.60/turn               o - ring of magical power

@: mesmerised, very slightly contaminated
A: AC +11, amphibious, unfitting armour, cold-blooded
a: Renounce Religion


You were on level 6 of the Dungeon.
You worshipped Sif Muna.
Sif Muna was noncommittal.
You visited 2 branches of the dungeon, and saw 7 of its levels.

You collected 318 gold pieces.
You spent 39 gold pieces at shops.

Inventory:

Hand Weapons
 g - a +1 hand axe of electrocution
 j - the +7 Throatcutter (weapon) {drain, coup de grace}
   (You took it off Terence on level 2 of the Dungeon)

   A truly terrible weapon, it drains the life of any living foe it strikes.
   It may instantly kill foes which have little health.
Armour
 k - the +1 robe of Pride {rPois rC- Slay+3 Stlth+}
   (You found it on level 2 of the Dungeon)

   Slay:      It affects your accuracy & damage with ranged weapons and melee
   (+3).
   rC:        It makes you vulnerable to cold.
   rPois:     It protects you from poison.
   Stlth:     It makes you more stealthy.
Magical Staves
 y - a staff of cold
Jewellery
 f - a ring of resist corrosion (left hand)
 o - a ring of magical power (right hand)
 p - an amulet of faith
 q - an amulet of magic regeneration (around neck)
 H - a ring of poison resistance
Wands
 i - a wand of flame (30)
 t - a wand of acid (12)
Scrolls
 c - 3 scrolls of enchant armour {unknown}
 d - 9 scrolls of identify {unknown}
 e - 2 scrolls of fog {unknown}
 h - a scroll of vulnerability {unknown}
 l - 2 scrolls of amnesia {unknown}
 r - a scroll of teleportation
 u - a scroll of blinking {unknown}
 v - a scroll of immolation {unknown}
 B - a scroll of brand weapon {unknown}
 D - a scroll of poison {unknown}
 F - a scroll of fear {unknown}
 G - a scroll of enchant weapon {unknown}
Potions
 a - a potion of magic
 b - 3 potions of lignification {unknown}
 m - 3 potions of invisibility {unknown}
 n - a potion of berserk rage {unknown}
 s - a potion of flight {unknown}
 w - 2 potions of curing {unknown}
 x - 3 potions of ambrosia {unknown}
 z - 3 potions of heal wounds {unknown}
 A - a potion of degeneration {unknown}
 C - a potion of attraction {unknown}
 E - a potion of brilliance {unknown}


   Skills:
 + Level 2.3 Fighting
 + Level 2.9 Long Blades
 + Level 0.5 Axes
 + Level 4.0 Dodging
 + Level 3.4 Stealth
 + Level 6.3 Spellcasting
 + Level 7.8 Conjurations


You had 6 spell levels left.
You knew the following spells:

 Your Spells              Type           Power      Damage    Failure   Level
a - Magic Dart            Conj           100%       1d8       1%          1
b - Searing Ray           Conj           78%        2d7       1%          2
c - Dazzling Flash        Conj/Hex       46%        N/A       5%          3
d - Iskenderun's Mystic   Conj/Tloc      23%        2d6       19%         4
e - Teleport Other        Tloc           6%         N/A       28%         3

Your spell library contained the following spells:

 Spells                   Type           Power      Damage    Failure   Level
 Fulminant Prism          Conj/Hex       11%        3d9       19%         4
 Gell's Gravitas          Tloc           6%         N/A       28%         3
 Dispersal                Tloc           3%         N/A       100%        6


Dungeon Overview and Level Annotations

Branches:
Dungeon (6/15)             Temple (1/1) D:5

Altars:
Cheibriados
Dithmenos
Elyvilon
Kikubaaqudgha
Makhleb
Nemelex Xobeh
Qazlal
Ru
Sif Muna
Trog
Uskayaw
Wu Jian
Xom
Yredelemnul
The Shining One

Shops:
D:2 [([![   D:3 *

Annotations:
D:6 Maggie


Innate Abilities, Weirdness & Mutations

Your dull iron-grey scales are very hard. (AC +11)
You are amphibious.
You cannot fit into any form of body armour.
You are cold-blooded and may be slowed by cold attacks.


Message History

You miscast Iskenderun's Mystic Blast.
You are very lightly contaminated with residual magic.
You spin around.
You are magically locked in place.
The bullfrog hits you but does no damage.
The bullfrog closely misses you.
Maggie gestures wildly while chanting.
Maggie attempts to bespell you!
You are mesmerised by Maggie!
The white imp gestures at you. The puff of frost hits you.
* * * LOW HITPOINT WARNING * * *
Casting: Iskenderun's Mystic Blast (dangerous; 19% risk of failure)
Confirm with . or Enter, or press ? or * to list all spells.
You erupt in a blast of force!
The mystic blast hits Maggie but does no damage.
Maggie is almost dead.
The mystic blast hits the white imp!
The white imp is almost dead.
The white imp is knocked back by the mystic blast.
The mystic blast hits the bullfrog!
The bullfrog is almost dead.
The bullfrog is knocked back by the mystic blast.
You hear a bark!
You barely miss Maggie.
Maggie is almost dead.
You are no longer locked in place.
The white imp gestures at you. The puff of frost misses you.
Maggie hits you with a +0 morningstar of flaming.
* * * LOW HITPOINT WARNING * * *
Maggie burns you.
* * * LOW HITPOINT WARNING * * *
The bullfrog closely misses you.
You barely miss Maggie.
Maggie is almost dead.
A hound comes into view.
The bullfrog hits you.
* * * LOW HITPOINT WARNING * * *
Maggie hits you with a +0 morningstar of flaming!
You die...

h..........##.
.............
#............
#............
#............
#..........?.
#..F.@.......
#...@.5......
#....##...... ####..##
..... #....## ..##
#.#### ..........# #.#
#......... #.##
##.........
#..##########..........
#............[.........


You could see Maggie (mesmerising, drained), a bullfrog, a hound and a white
imp.

Vanquished Creatures
  Pikel (D:5)
  Grinder (D:4)
  Eustachio (D:4)
  A black bear (D:5)
  2 lemures (D:5)
  A necrophage (D:5)
  A gnoll sergeant (D:5)
  2 scorpions
  A howler monkey (D:4)
  2 jellies
  2 hounds
  A gnoll shaman (D:5)
  Jessica (D:2)
  Terence (D:2)
  3 iguanas
  3 orc wizards
  Robin (D:4)
  8 gnolls
  5 adders
  A river rat (D:4)
  A white imp (D:5)
  4 worms
  6 dart slugs
  8 orcs
  11 ball pythons
  11 endoplasms
  5 giant cockroaches
  15 goblins
  10 hobgoblins
  6 kobolds
  5 quokkas
  7 bats
  A frilled lizard (D:2)
  4 rats
133 creatures vanquished.

Vanquished Creatures (others)
  4 fungi (D:4)
  2 plants (D:2)
6 creatures vanquished.

Grand Total: 139 creatures vanquished

Notes
Turn   | Place    | Note
-------+----------+-------------------------------------------
     0 | D:1      | xian the Draconian Conjurer began the quest for the Orb.
     0 | D:1      | Reached XP level 1. HP: 14/14 MP: 3/3
   193 | D:1      | Reached XP level 2. HP: 20/20 MP: 1/5
   876 | D:2      | Reached XP level 3. HP: 26/26 MP: 0/6
   877 | D:2      | Found Huemeesh's Armour Shoppe.
   884 | D:2      | Noticed Terence
  1007 | D:2      | Learned a level 2 spell: Searing Ray
  1094 | D:2      | Found Avvuc's Antique Weapon Boutique.
  1099 | D:2      | Found Ceeguihu's Armour Shoppe.
  1138 | D:2      | Reached skill level 5 in Conjurations
  1667 | D:2      | Killed Terence
  1668 | D:2      | Reached XP level 4. HP: 31/33 MP: 1/8
  1730 | D:2      | Identified the +1 robe of Pride {rPois rC- Slay+3 Stlth+}
  1890 | D:2      | Found Ukkoaham's Distillery.
  2011 | D:2      | Noticed Jessica
  2017 | D:2      | Killed Jessica
  2228 | D:2      | Found Dam Cuah's Antique Armour Shoppe.
  2295 | D:2      | Found a faded altar of an unknown god.
  2397 | D:3      | Found a sacrificial altar of Ru.
  2407 | D:3      | Reached XP level 5. HP: 35/38 MP: 1/9
  2414 | D:3      | Became a worshipper of Ru the Awakened
  2661 | D:3      | Learned a level 3 spell: Dazzling Flash
  2939 | D:3      | Found the +3 giant club "Skullcrusher" {speed, Str+7}
  2992 | D:3      | Found Omoajofud's General Store.
  3166 | D:3      | Bought a scroll of teleportation for 39 gold pieces
  3703 | D:4      | Reached XP level 6. HP: 45/45 MP: 11/11
  3852 | D:4      | Noticed Eustachio
  3867 | D:4      | Killed Eustachio
  3868 | D:4      | Reached skill level 6 in Conjurations
  4194 | D:4      | Your scales start taking on a dull iron-grey colour.
  4194 | D:4      | Reached XP level 7. HP: 51/51 MP: 11/13
  4478 | D:4      | Noticed Grinder
  4481 | D:4      | Paralysed by Grinder for 4 turns
  4494 | D:4      | Killed Grinder
  4495 | D:4      | Reached skill level 1 in Fighting
  4495 | D:4      | Reached skill level 1 in Long Blades
  4645 | D:4      | Noticed Robin
  4653 | D:4      | Killed Robin
  5102 | D:5      | Entered Level 5 of the Dungeon
  5121 | D:5      | Reached skill level 5 in Spellcasting
  5193 | D:5      | Noticed Pikel
  5210 | D:5      | Killed Pikel
  5211 | D:5      | Reached skill level 7 in Conjurations
  5211 | D:5      | Reached XP level 8. HP: 36/60 MP: 10/16
  5382 | D:5      | Found a staircase to the Ecumenical Temple.
  5393 | Temple   | Entered the Ecumenical Temple
  5444 | Temple   | Fell from the grace of Ru
  5444 | Temple   | Became a worshipper of the Shining One
  5496 | Temple   | Fell from the grace of the Shining One
  5496 | Temple   | Became a worshipper of Sif Muna the Loreminder
  5792 | D:5      | Learned a level 4 spell: Iskenderun's Mystic Blast
  5796 | D:5      | Learned a level 3 spell: Teleport Other
  6032 | D:5      | Found a hide-covered altar of Uskayaw.
  6042 | D:5      | Found a white marble altar of Elyvilon.
  6157 | D:5      | Found a sparkling altar of Nemelex Xobeh.
  6426 | D:5      | Found a snail-covered altar of Cheibriados.
  6487 | D:5      | Found an ancient bone altar of Kikubaaqudgha.
  6634 | D:6      | Noticed Maggie
  6659 | D:6      | Slain by Maggie

Illustrated notes

Levels and vault maps discovered:
D:1:      dpeg_arrival_solitude, layout_rooms, minmay_tetromino_l2
D:2:      cheibrodos_old_hovel, layout_loops_cross, serial_shops, shop,
          nicolae_shop_window_shopping, shop_statue, nicolae_diamond_shop, shop,
          basic_ecumenical_altar, kennysheep_cluttered_room, minmay_tall_x,
          uniq_terence, uniq_jessica
D:3:      layout_loops_ring, nicolae_ru_great_annihilating_truth, serial_shops,
          nicolae_shop_statue_plus
D:4:      minmay_octagon_keep, layout_rooms, nicolae_ossuary_entry_ruins,
          gup_sewer_entry_spiral, dreamdust_mushroom_princess,
          minmay_fractal_squares_diagonal_5, uniq_eustachio, uniq_robin,
          uniq_grinder
D:5:      layout_basic, mainiacjoe_overflow_chevrons, elyvilon_altar_5,
          mainiacjoe_overflow_alcove_2, amcnicky_altar_gilded,
          lemuel_coloured_pillars_altar, minmay_temple_entry_ruins,
          water_boxes_lemuel, uniq_pikel
D:6:      wad_river_or_something, layout_cave_pools,
          worldfamousw_hep_ancestral_shrine, zin_statuary,
          minmay_strange_pillars, minmay_misc_feat_cross, uniq_duvessa,
          uniq_maggie
Temple:   compressed_dpeg_triangle_lava_temple

Skill      XL: |  1  2  3  4  5  6  7  8 |
---------------+-------------------------+-----
Conjurations   | 5 6 7 |  7.8
Stealth        | 2 3 |  3.4
Dodging        | 2 3 4 |  4.0
Spellcasting   | 3 4 5 6 |  6.3
Fighting       | 1 2 |  2.3
Long Blades    | 2 |  2.9
Axes           | |  0.5

Action                   |  1- 3 |  4- 6 |  7- 9 || total
-------------------------+-------+-------+-------++-------
Melee: Short sword       |     5 |       |       ||     5
       Hand axe          |     1 |       |       ||     1
       Long sword        |       |     3 |    23 ||    26
       Punch             |       |       |     1 ||     1
       Tailslap          |       |       |     2 ||     2
 Cast: Magic Dart        |    82 |    89 |    98 ||   269
       Searing Ray       |     2 |    10 |    18 ||    30
       Iskenderun's Myst |       |       |     3 ||     3
Armor: Skin              |     7 |     9 |    22 ||    38
Dodge: Dodged            |    10 |    29 |    62 ||   101

Table legend: (Time is in decaauts)
 A = Elapsed time spent in this place.
 B = Non-inter-level travel time spent in this place.
 C = Inter-level travel time spent in this place.
 D = Time resting spent in this place.
 E = Time spent auto-exploring this place.
 F = Levels seen in this place.
 G = Mean time per level.
                   A        B        C        D        E       F      G
               +--------+--------+--------+--------+--------+-----+--------+
         Total |   6667 |   6508 |    159 |    206 |   5135 |   7 |  952.4 |
       Dungeon |   6291 |   6132 |    159 |     86 |   5006 |   6 | 1048.5 |
        Temple |    375 |    375 |      0 |    120 |    129 |   1 |  375.0 |
               +--------+--------+--------+--------+--------+-----+--------+

Top non-repeatable levels by time:
     D:4: 1612 daAuts
     D:2: 1269 daAuts
     D:3: 1143 daAuts
     D:5: 1104 daAuts
     D:1: 1081 daAuts
  Temple: 375 daAuts
     D:6: 80 daAuts
